 Dungeon Crawl Stone Soup version 0.29-a0-504-gec6baf379c (webtiles) character file.

Game seed: 13075097327811782185

21 Colgate the Sneak (level 3, -2/21 HPs)
             Began as a Kobold Brigand on May 28, 2022.
             Was a Follower of Okawaru.
             Slain by a worm (4 damage)
             ... on level 2 of the Dungeon.
             The game lasted 00:02:40 (1333 turns).

Colgate the Sneak (Kobold Brigand)                  Turns: 1333, Time: 00:02:40

Health: -2/21      AC:  7    Str: 10    XL:     3   Next: 2%
Magic:  3/3        EV: 12    Int: 12    God:    Okawaru [*.....]
Gold:   108        SH:  0    Dex: 16    Spells: 2/2 levels left

rFire   . . .      SeeInvis .   a - +2 dagger
rCold   . . .      Faith    .   (no shield)
rNeg    . . .      Spirit   .   o - +0 ring mail
rPois   .          Reflect  .   (no helmet)
rElec   .          Harm     .   c - +0 cloak
rCorr   .          Rampage  .   n - +0 pair of gloves
Will    .....                   (no boots)
Stlth   +++.......              (no amulet)
HPRegen 0.07/turn               (no ring)
MPRegen 0.08/turn               (no ring)

@: no status effects
A: small, no large weapons, nightstalker 3
a: Renounce Religion, Heroism


You were on level 2 of the Dungeon.
You worshipped Okawaru.
Okawaru was aware of your devotion.
You visited 1 branch of the dungeon, and saw 2 of its levels.

You collected 108 gold pieces.

Inventory:

Hand Weapons
 a - a +2 dagger (weapon)
Missiles
 d - 9 poisoned darts (quivered)
 e - 3 curare-tipped darts
Armour
 b - a +0 robe
 c - a +0 cloak (worn)
 n - a +0 pair of gloves (worn)
 o - a +0 ring mail (worn)
Magical Staves
 i - a staff of earth
Scrolls
 h - a scroll of acquirement {unknown}
 j - a scroll of teleportation {unknown}
 l - a scroll of fog {unknown}
Potions
 f - a potion of might {@q3}
 g - 2 potions of curing {@q1}
 k - a potion of haste {unknown}
 m - a potion of attraction


   Skills:
 - Level 2.1 Fighting
 - Level 2.8 Short Blades
 + Level 3.5 Throwing
 - Level 1.2 Dodging
 - Level 5.3 Stealth


You had 2 spell levels left.
You didn't know any spells.
Your spell library was empty.

Dungeon Overview and Level Annotations

Branches:
Dungeon (2/15)

Altars:
Okawaru


Innate Abilities, Weirdness & Mutations

You are small and have problems with some larger weapons.
You are completely attuned to the shadows.


Message History

You hit the hobgoblin.
You kill the hobgoblin!
Okawaru accepts your kill.
Found 2 glowing coppery potions.
You see here a +0 ring mail.
You start removing your armour.
You continue taking off your +0 robe. x4
You finish taking off your +0 robe.
You start putting on your armour.
You continue putting on your +0 ring mail. x5
You finish putting on your +0 ring mail.
You are too injured to fight recklessly!
A goblin comes into view. It is wielding a +0 club.
You are too injured to fight recklessly!
A goblin is nearby!
You are too injured to fight recklessly!
You are too injured to fight recklessly!
The goblin shouts!
You hear an angry hiss.
You see here a jackal corpse.
You swing at nothing.
You swing at nothing.
You swing at nothing.
You barely miss the goblin. The goblin hits you with a +0 club.
You hit the goblin. The goblin hits you but does no damage.
You hit the goblin. The goblin barely misses you.
You barely miss the goblin. The goblin hits you but does no damage.
You closely miss the goblin. You hit the goblin.
You kill the goblin!
Okawaru accepts your kill.
You have reached level 3!
Your experience leads to an increase in your attributes!
Increase (S)trength, (I)ntelligence, or (D)exterity?
You feel stronger. x2
You are too injured to fight recklessly!
A worm comes into view.
You hit the worm. The worm bites you!
* * * LOW HITPOINT WARNING * * *
You hit the worm. You hit the worm. The worm bites you.
You die...

.....## ......##
.......#
.......##########.
....<..##......!..
....w..###...#....
.....@..)†......#
.........!........
........####...###
.......$. .....#
......######....


You could see a worm.

Vanquished Creatures
  2 endoplasms (D:1)
  3 goblins
  3 hobgoblins
  2 jackals (D:2)
  2 ball pythons (D:1)
  2 bats (D:1)
  4 frilled lizards (D:1)
  A kobold (D:1)
19 creatures vanquished.

Notes
Turn   | Place    | Note
-------+----------+-------------------------------------------
     0 | D:1      | Colgate the Kobold Brigand began the quest for the Orb.
     0 | D:1      | Reached XP level 1. HP: 12/12 MP: 1/1
   162 | D:1      | Found a faded altar of an unknown god.
   167 | D:1      | Prayed at the altar of an unknown god.
   167 | D:1      | Became a worshipper of Warmaster Okawaru
   167 | D:1      | Reached * piety under Okawaru
   570 | D:1      | Reached XP level 2. HP: 17/17 MP: 2/2
  1326 | D:2      | Reached XP level 3. HP: 9/21 MP: 3/3
  1333 | D:2      | Slain by a worm

Illustrated notes

Levels and vault maps discovered:
D:1:      minmay_arrival_diagonal_passages, layout_basic, serial_rivers,
          chequers_serial_rivers_room_a, chequers_serial_rivers_small_b,
          chequers_serial_rivers_small_3, chequers_serial_rivers_room_a,
          dreamdust_ecumenical_altar_grove
D:2:      layout_rooms, uniq_robin

Skill      XL: |  1  2 |
---------------+-------+-----
Throwing       | 3 |  3.5
Fighting       | |  2.1
Short Blades   | |  2.8
Dodging        | |  1.2
Stealth        | |  5.3

Action                   || total
-------------------------++-------
Melee: Dagger            ||    49
  Use: Scroll            ||     3
 Stab: Sleeping          ||    10
Armor: Robe              ||     7
       Ring mail         ||     2
Dodge: Dodged            ||    28

Table legend: (Time is in decaauts)
 A = Elapsed time spent in this place.
 B = Non-inter-level travel time spent in this place.
 C = Inter-level travel time spent in this place.
 D = Time resting spent in this place.
 E = Time spent auto-exploring this place.
 F = Levels seen in this place.
 G = Mean time per level.
                   A        B        C        D        E       F      G
               +--------+--------+--------+--------+--------+-----+--------+
         Total |   1332 |   1305 |     27 |      0 |   1122 |   2 |  666.0 |
       Dungeon |   1332 |   1305 |     27 |      0 |   1122 |   2 |  666.0 |
               +--------+--------+--------+--------+--------+-----+--------+

Top non-repeatable levels by time:
     D:1: 1257 daAuts
     D:2: 75 daAuts
